 Dungeon Crawl Stone Soup version 0.13.0-17-g5f0e85f (webtiles) character file.

3425 Lilouch the Basher (level 9, -4/52 HPs)
             Began as a Gargoyle Fighter on Oct 21, 2013.
             Was a Believer of Okawaru.
             Slain by an unseen horror (7 damage)
             ... on Level 8 of the Dungeon.
             The game lasted 00:29:38 (6259 turns).

Lilouch the Basher (Gargoyle Fighter)               Turns: 6259, Time: 00:29:38

HP  -4/52        AC 16     Str 23      XL: 9   Next: 85%
MP   9/9         EV  9     Int  9      God: Okawaru [**....]
Gold 406         SH 21     Dex  9      Spells:  0 memorised,  8 levels left

Res.Fire  : . . .   See Invis. : .   L - +0,-1 morningstar
Res.Cold  : . . .   Warding    : .   G - -1 mottled dragon armour (curse)
Life Prot.: + . .   Conserve   : .   Q - +0 shield
Res.Poison: +       Res.Corr.  : .   g - +0 helmet
Res.Elec. : +       Clarity    : .   O - +0 cloak
Sust.Abil.: . .     Spirit.Shd : .   (no gloves)
Res.Mut.  : .       Stasis     : .   (no boots)
Res.Rott. : +       Flight     : .   H - amulet of rage
Saprovore : . . .                    (no ring)
                                     r - ring of flight

@: slightly resistant to hostile enchantments, very unstealthy
A: fangs 1, talons 2, life protection 1, electricity resistance, slow healing 1,
slow metabolism 1, unbreathing, petrification resistance, AC +5
a: Heroism, Renounce Religion, Evoke Berserk Rage, Evoke Flight


You were on level 8 of the Dungeon.
You worshipped Okawaru.
Okawaru was pleased with you.
You were hungry.

You visited 2 branches of the dungeon, and saw 9 of its levels.

You collected 386 gold pieces.

Inventory:

Hand weapons
 x - a +4,+3 quarterstaff of chaos
 L - a +0,-1 morningstar (weapon)
 T - a +0,+0 flail
Missiles
 k - 58 poisoned needles
 N - 3 exploding darts (quivered)
Armour
 b - a +0 scale mail
 g - a +0 helmet (worn)
 G - a cursed -1 mottled dragon armour (worn)
 O - a +0 cloak (worn)
 Q - a +0 shield (worn)
Comestibles
 d - 10 bread rations
 h - 2 chokos
 v - an apple
 D - 3 meat rations
 E - 3 pears
 K - a cheese
Scrolls
 a - a scroll of amnesia {unknown}
 e - 4 scrolls of curse weapon {unknown}
 i - 6 scrolls of identify
 l - 3 scrolls of enchant weapon II {unknown}
 m - 6 scrolls of teleportation
 o - 2 scrolls of blinking {unknown}
 p - a scroll of magic mapping {unknown}
 s - a scroll of fear {unknown}
 t - 6 scrolls of remove curse {unknown}
 w - a scroll of curse jewellery {unknown}
 y - a scroll of enchant weapon I {unknown}
 F - 2 scrolls of enchant armour {unknown}
 I - 2 scrolls of curse armour {unknown}
 R - a scroll of fog {unknown}
 U - a scroll of recharging {unknown}
Jewellery
 r - a ring of flight (left hand)
 H - an amulet of rage (around neck)
 J - the amulet of Xom's Whimsicality {Cons Dam+3}
   (You found it on level 4 of the Dungeon)

   [amulet of conservation]

   It affects your damage-dealing abilities (+3).
 M - a +3 ring of dexterity {unknown}
 P - an uncursed ring of ice {unknown}
Potions
 f - 2 potions of heal wounds {unknown}
 j - 4 potions of speed {unknown}
 n - 6 potions of curing {unknown}
 q - a potion of resistance {unknown}
 u - 2 potions of flight {unknown}
 z - 2 potions of degeneration {unknown}
 A - 2 potions of magic {unknown}
 B - 2 potions of agility {unknown}
 C - 2 potions of brilliance {unknown}
 S - a potion of restore abilities {unknown}
Books
 c - a book of Unlife

   Spells                             Type                      Level
   Recall                             Summoning/Translocation      3
   Animate Dead                       Necromancy                   4
   Control Undead                     Necromancy                   4
   Twisted Resurrection               Necromancy                   5
   Death Channel                      Necromancy                   6
   Simulacrum                         Ice/Necromancy               6
Miscellaneous
 V - a plain deck of defence


   Skills:
 - Level 3.2 Fighting
 - Level 10.0 Maces & Flails
 + Level 9.5 Armour
 + Level 6.7 Shields
 + Level 1.0 Invocations
 + Level 0.8 Evocations


You had 8 spell levels left.
You didn't know any spells.

Dungeon Overview and Level Annotations

Branches:
Dungeon (8/27)             Temple (1/1) D:5
    Orc: D:6-11        Lair: D:8-13

Altars:
Ashenzari
Cheibriados
Elyvilon
Fedhas
Kikubaaqudgha
Makhleb
Nemelex Xobeh
Okawaru
Sif Muna
Trog
Vehumet
Xom
Yredelemnul
Zin
the Shining One


Innate Abilities, Weirdness & Mutations

You are resistant to torment.
You are immune to poison.
Your stone body is very resilient (AC +5).
You have very sharp teeth.
You have razor-sharp toenails.
You resist negative energy.
You are resistant to electric shocks.
You have a slow metabolism.
You can survive without breathing.
You are immune to petrification.
You heal slowly.


Message History

It completely misses you.
You closely miss it. It hits you but does no damage.
It hits you but does no damage.
You hit it. Your kick misses it. It hits you.
* * * LOW HITPOINT WARNING * * *
You block its attack. It hits you but does no damage.
You closely miss it. You claw it. It hits you but does no damage.
It hits you but does no damage. It hits you but does no damage. It hits you.
* * * LOW HITPOINT WARNING * * *
It hits you but does no damage.
You are too injured to fight recklessly!
It hits you.
* * * LOW HITPOINT WARNING * * *
You block its attack. It hits you but does no damage.
You miss it. Your kick misses it. You block its attack. It hits you!
You die...

>.......###.(.#. . ###.#...
.....#######..#.#.#### ..#.#...
.#.#<....# #..#.#.#...####.#.#...
.#.#.....###..#.#)#.##...#.#.#...
...........[..#.#.#.#.##.#.#.#...
.............#.#.#.#.(.#.#.#.#...
.............#.#.#.##(#.#.#.#....
.............#.#.#...##.#.#.#....
....##.......#.#@####...#.#.#....
.............# #.....####.#.#....
...........[.# ######.....#.#....
.........))..# ######.#....
....######.#.########.......#....
....# #...........########....
....# ###........[..........##
...## ###########.#.##....# ...
#.#.##.#..#


There were no monsters in sight!

Vanquished Creatures
  2 hippogriffs (D:7)
  Eustachio (D:7)
  The ghost of 4tharraofdagon the Insei, an average DrAr (D:4)
  A necrophage (D:8)
  3 ogres
  An ice beast (D:5)
  A phantom (D:8)
  3 sky beasts
  A centaur (D:5)
  Duvessa (D:5)
  5 crimson imps
  Dowan (D:5)
  A quasit (D:6)
  2 orc priests
  4 jellies
  Crazy Yiuf (D:2)
  A gnoll shaman (D:7)
  3 hounds
  6 orc wizards
  3 scorpions
  2 iguanas
  7 worker ants
  An ogre zombie (D:8)
  Ijyb (D:6)
  10 adders
  10 gnolls
  A worm zombie (D:5)
  A giant mite (D:2)
  9 worms
  An adder skeleton (D:5)
  A grey rat (D:7)
  An iguana skeleton (D:4)
  An iguana zombie (D:8)
  A giant eyeball (D:6)
  4 giant geckos
  3 oozes
  13 orcs
  2 ball pythons
  19 bats
  2 giant cockroaches
  10 goblins
  12 hobgoblins
  5 jackals (D:2)
  19 kobolds
  4 quokkas
  9 giant newts
  A hobgoblin zombie (D:8)
  A jackal skeleton (D:5)
  17 rats
210 creatures vanquished.

Notes
Turn   | Place    | Note
--------------------------------------------------------------
     0 | D:1      | Lilouch, the Gargoyle Fighter, began the quest for the Orb.
     0 | D:1      | Reached XP level 1. HP: 14/14 MP: 0/0
    26 | D:1      | Reached XP level 2. HP: 19/19 MP: 1/1
   162 | D:1      | Found a snail-covered altar of Cheibriados.
   309 | D:1      | Reached XP level 3. HP: 24/24 MP: 2/2
   826 | D:2      | Reached skill level 4 in Armour
   855 | D:2      | Reached XP level 4. HP: 28/28 MP: 3/3
  1399 | D:2      | Noticed Crazy Yiuf
  1408 | D:2      | Killed Crazy Yiuf
  1408 | D:2      | Reached XP level 5. HP: 31/33 MP: 4/4
  1623 | D:3      | Found a glowing golden altar of the Shining One.
  1632 | D:3      | Reached skill level 5 in Maces & Flails
  2138 | D:4      | Reached XP level 6. HP: 34/38 MP: 5/5
  2171 | D:4      | Reached skill level 5 in Armour
  2202 | D:4      | Noticed 4tharraofdagon's ghost (average DrAr)
  2234 | D:4      | Killed 4tharraofdagon's ghost
  2234 | D:4      | Reached skill level 6 in Maces & Flails
  2247 | D:4      | Found a bloodstained altar of Trog.
  2253 | D:4      | Got a twitching lead amulet
  2266 | D:4      | Identified the amulet of Xom's Whimsicality {Cons Dam+3} (You found it on level 4 of the Dungeon)
  2509 | D:4      | Reached XP level 7. HP: 42/42 MP: 6/6
  2780 | D:4      | Reached skill level 7 in Maces & Flails
  2910 | D:5      | Entered Level 5 of the Dungeon
  3051 | D:5      | Found a shattered altar of Ashenzari.
  3062 | D:5      | Reached skill level 8 in Maces & Flails
  3062 | D:5      | Reached XP level 8. HP: 45/48 MP: 7/7
  3082 | D:5      | Noticed Dowan
  3084 | D:5      | Noticed Duvessa
  3088 | D:5      | Killed Dowan
  3094 | D:5      | Killed Duvessa
  3113 | D:5      | Gained mutation: You heal slowly. [mutagenic meat]
  3162 | D:5      | Found a staircase to the Ecumenical Temple.
  3234 | Temple   | Entered the Ecumenical Temple
  3356 | Temple   | Became a worshipper of Warmaster Okawaru
  3418 | D:5      | Reached skill level 9 in Maces & Flails
  3666 | D:5      | Found an ancient bone altar of Kikubaaqudgha.
  4190 | D:6      | Acquired Okawaru's first power
  4276 | D:6      | Reached skill level 10 in Maces & Flails
  4403 | D:6      | Reached XP level 9. HP: 9/52 MP: 8/8
  4760 | D:6      | Found a white marble altar of Elyvilon.
  4994 | D:6      | Noticed Ijyb
  5000 | D:6      | Paralysed by a giant eyeball for 3 turns
  5004 | D:6      | Killed Ijyb
  5007 | D:6      | Paralysed by a giant eyeball for 2 turns
  5244 | D:7      | Reached skill level 5 in Shields
  5317 | D:7      | Noticed Eustachio
  5342 | D:7      | Killed Eustachio
  6113 | D:8      | Reached skill level 1 in Invocations
  6256 | D:8      | HP: 2/52 [something (3)]
  6259 | D:8      | Slain by an unseen horror

Action                   |  1- 3 |  4- 6 |  7- 9 || total
-------------------------+-------+-------+-------++-------
Melee: Mace              |    91 |    38 |       ||   129
       Hammer            |       |   126 |    78 ||   204
       Morningstar       |       |       |   356 ||   356
 Abil: Evoke Flight      |       |     1 |       ||     1
       Evoke Berserk Rag |       |       |     1 ||     1
  Use: Scroll            |       |     2 |       ||     2
 Stab: Distracted        |       |       |     1 ||     1
